 Dungeon Crawl Stone Soup version 0.23.2-1-ga50397a6bc (webtiles) character file.

Game seed: 7567706792722817490

214 Gargoyl the Skirmisher (level 5, -8/70 HPs)
             Began as a Centaur Abyssal Knight on May 9, 2019.
             Was a Believer of Lugonu.
             Mangled by Crazy Yiuf
             ... wielding a +4 quarterstaff of chaos
              (19 damage)
             ... on level 3 of the Dungeon.
             The game lasted 00:06:13 (2746 turns).

Gargoyl the Skirmisher (Centaur Abyssal Knight)     Turns: 2746, Time: 00:06:14

Health: -8/70      AC: 22    Str: 13 (15) XL:     5   Next: 59%
Magic:  7/7        EV:  1    Int: 11      God:    Lugonu [**....]
Gold:   232        SH:  0    Dex:  7 (9)  Spells: 4/4 levels left

rFire    . . .     SeeInvis .   a - +1 hand axe
rCold    . . .     Gourm    .   (no shield)
rNeg     + + +     Faith    .   (armour currently unavailable)
rPois    +         Spirit   .   (helmet currently unavailable)
rElec    .         Reflect  .   (cloak currently unavailable)
rCorr    .         Harm     .   (gloves currently unavailable)
MR       .....     NoTele   +   (no barding)
Stlth    +.........             (no amulet)
HPRegen  0.61/turn              (no ring)
MPRegen  0.10/turn              (no ring)

@: tree-form, lightly drained
A: large, sense surroundings 1, regeneration 1
a: Depart the Abyss, Bend Space, Renounce Religion


You were on level 3 of the Dungeon.
You worshipped Lugonu.
Lugonu was pleased with you.
You were not hungry.
You were a tree.
You visited 1 branch of the dungeon, and saw 3 of its levels.
You visited the Abyss 1 time.

You collected 232 gold pieces.

Inventory:

Hand Weapons
 a - a +1 hand axe (weapon)
Armour
 b - a +0 leather armour (melded)
 e - a +0 cloak (melded)
Scrolls
 d - a scroll of fog {unknown}
 i - 2 scrolls of identify
 j - a scroll of enchant armour
 k - 4 scrolls of remove curse {unknown}
 l - a scroll of magic mapping {unknown}
Potions
 f - a potion of agility {unknown}
 h - a potion of degeneration
Comestibles
 c - 5 rations


   Skills:
 + Level 4.6(4.2) Fighting
 + Level 2.6(2.2) Axes
 * Level 2.1(1.8) Armour
 * Level 1.3(1.0) Dodging
 * Level 3.1(2.7) Invocations


You had 4 spell levels left.
You didn't know any spells.
Your spell library was empty.

Dungeon Overview and Level Annotations

Branches:
Dungeon (3/15)

Altars:

Annotations:
D:3 Crazy Yiuf


Innate Abilities, Weirdness & Mutations

((You have hooves in place of feet.))
((Armour fits poorly on your strangely shaped body.))
((You cover ground very quickly.))
((You have extremely tough skin. (AC +3)))
You passively map a small area around you.
Your natural rate of healing is unusually fast.


Message History

Crazy Yiuf is severely wounded.
Crazy Yiuf cries, "Orb blue turtle!"
Crazy Yiuf hits you with a +4 quarterstaff of chaos!
You feel drained.
You closely miss Crazy Yiuf.
Crazy Yiuf is severely wounded.
Crazy Yiuf hits you with a +4 quarterstaff of chaos!
* * * LOW HITPOINT WARNING * * *
Crazy Yiuf freezes you.
* * * LOW HITPOINT WARNING * * *
It was a potion of lignification.
You turn into a tree.
Your +0 cloak melds into your body.
Your +0 leather armour melds into your body.
Your roots penetrate the ground.
Crazy Yiuf hits you but does no damage.
You hit Crazy Yiuf.
Crazy Yiuf is severely wounded.
Crazy Yiuf hits you with a +4 quarterstaff of chaos.
* * * LOW HITPOINT WARNING * * *
You are electrocuted!!
You die...

..#####.#............#...........
...# #.#..###########.......##..
...####.#..# #.......##..
>..........# ##### #.......)...
(........### #)..# #.......##..
.......##### #...# #)..........
...(...###.# *...* ##........##
...(...##..# #g# #.....###.##
.......##.## ♣♣♣♣ #.##### #.##
.......##.# ♣♣.♣ #.# #...
..........## ♣.♣♣ #.## ####
#####......# ♣♣.♣ #..# #..>.###
♣♣.♣♣ #### #....### ♣♣...♣
#......# ♣....♣ ######.# ##..##
#.####....#


You could see Crazy Yiuf.

Vanquished Creatures
  5 adders (D:2)
  3 gnolls (D:2)
  2 oozes
  A worm (D:2)
  A dart slug (D:1)
  2 leopard geckos
  An orc (D:3)
  A ball python (D:1)
  2 giant cockroaches
  3 goblins
  3 hobgoblins
  A quokka (D:3)
  5 bats
  8 kobolds
  5 rats
43 creatures vanquished.

Vanquished Creatures (collateral kills)
  A fire bat (Abyss:2)
  A quasit (Abyss:3)
2 creatures vanquished.

Vanquished Creatures (others)
  4 starspawn tentacles (Abyss:3)
4 creatures vanquished.

Grand Total: 49 creatures vanquished

Notes
Turn   | Place    | Note
-------+----------+-------------------------------------------
     0 | Abyss:1  | Gargoyl the Centaur Abyssal Knight began the quest for the
                  | Orb.
     0 | Abyss:1  | Reached XP level 1. HP: 19/19 MP: 2/2
    23 | Abyss:2  | Noticed a tentacled monstrosity
    42 | Abyss:2  | Noticed a ynoxinul
    69 | Abyss:2  | Noticed a starcursed mass
    96 | Abyss:2  | Noticed a fire bat
    97 | Abyss:2  | Noticed a fire bat
    98 | Abyss:2  | Noticed a fire bat
   100 | Abyss:2  | Killed a fire bat
   100 | Abyss:2  | Reached skill level 4 in Fighting
   100 | Abyss:2  | Reached XP level 2. HP: 12/27 MP: 3/3
   100 | Abyss:2  | Reached XP level 3. HP: 14/33 MP: 4/4
   100 | Abyss:2  | Reached XP level 4. HP: 17/40 MP: 5/5
   184 | Abyss:3  | Noticed a tentacled starspawn
   215 | D:1      | Escaped the Abyss
   493 | D:1      | Reached * piety under Lugonu
   794 | D:1      | Reached skill level 1 in Dodging
  1342 | D:2      | Reached XP level 5. HP: 44/47 MP: 6/6
  1512 | D:2      | Gained mutation: You passively map a small area around you.
                  | [potion of mutation]
  1512 | D:2      | Gained mutation: Your natural rate of healing is unusually
                  | fast. [potion of mutation]
  2436 | D:3      | Found a runed translucent door.
  2437 | D:3      | Noticed Crazy Yiuf
  2521 | D:3      | Reached ** piety under Lugonu
  2746 | D:3      | Mangled by Crazy Yiuf

Skill      XL: |  1  2  3  4  5 |
---------------+----------------+-----
Fighting       | 4 |  4.6
Axes           | 2 |  2.6
Dodging        | 1 |  1.3
Armour         | 2 |  2.1
Invocations    | 3 |  3.1

Action                   |  1- 3 |  4- 6 || total
-------------------------+-------+-------++-------
Melee: Hand axe          |       |   128 ||   128
       Kick              |       |    21 ||    21
Throw: Tomahawk          |       |     2 ||     2
Invok: Depart the Abyss  |       |     1 ||     1
Evoke: Sack of spiders   |       |     5 ||     5
  Use: Scroll            |     2 |     2 ||     4
       Potion            |       |     5 ||     5
 Stab: Invisible         |       |     1 ||     1
  Eat: Chunk             |       |     4 ||     4
Armor: Leather armour    |     3 |    50 ||    53
       Skin              |       |     1 ||     1
Dodge: Dodged            |     2 |    82 ||    84
